 Dungeon Crawl Stone Soup version 0.24.0-37-gcf1ca852f1 (webtiles) character file.

Game seed: 4830920567127643780, levelgen mode: deterministic

1678 Xanbar the Purveyor of Pain (level 8, -17/42 HPs)
             Began as a Deep Elf Necromancer on Nov 26, 2019.
             Was an Initiate of Kikubaaqudgha.
             Killed from afar by a gargoyle (23 damage)
             ... with a stone arrow
             ... on level 7 of the Dungeon on Nov 27, 2019.
             The game lasted 01:58:14 (9440 turns).

Xanbar the Purveyor of Pain (Deep Elf Necromancer)  Turns: 9440, Time: 01:58:19

Health: -17/42     AC:  6    Str:  6    XL:     8   Next: 70%
Magic:  7/23       EV: 17    Int: 22    God:    Kikubaaqudgha [......]
Gold:   337        SH:  0    Dex: 17    Spells: 10/25 levels left

rFire    + . .     SeeInvis .   r - +0 mace (crush)
rCold    + . .     Gourm    .   (no shield)
rNeg     . . .     Faith    .   b - +0 leather armour
rPois    .         Spirit   .   w - +2 helmet
rElec    .         Reflect  .   f - scarf {rC+ rF+}
rCorr    .         Harm     .   (no gloves)
MR       .....                  (no boots)
Stlth    +++.......             (no amulet)
HPRegen  1.14/turn              m - +2 ring of dexterity
MPRegen  0.18/turn              x - +3 ring of evasion

@: regenerating
A: no striking features
a: Renounce Religion


You were on level 7 of the Dungeon.
You worshipped Kikubaaqudgha.
Kikubaaqudgha was noncommittal.
You were not hungry.

You visited 2 branches of the dungeon, and saw 8 of its levels.
You also visited: Sewer and Ossuary.

You collected 337 gold pieces.

Inventory:

Hand Weapons
 d - a +0 dagger
 j - a +0 hunting sling
 r - a +0 mace of crushing (weapon)
 y - a +1 mace of protection
 H - a +0 trident
Missiles
 g - 29 poisoned darts
 h - 74 arrows
 i - 6 silver boomerangs (quivered)
 p - 47 bolts
 q - 54 sling bullets
 D - 11 boomerangs
Armour
 a - a +0 robe
 b - a +0 leather armour (worn)
 f - a scarf of resistance (worn)
 w - a +2 helmet (worn)
 z - a +1 ring mail of fire resistance
Jewellery
 m - a +2 ring of dexterity (left hand)
 x - a +3 ring of evasion (right hand)
Wands
 B - a wand of digging (6)
 E - a wand of random effects (18)
Scrolls
 e - 2 scrolls of teleportation
 k - a scroll of immolation {unknown}
 n - 2 scrolls of fear
 s - a scroll of blinking {unknown}
 t - 6 scrolls of remove curse
 u - a scroll of magic mapping
 G - a scroll of amnesia {unknown}
 I - a scroll of holy word {unknown}
Potions
 l - 3 potions of cancellation {unknown}
 o - 2 potions of curing {unknown}
 v - a potion of degeneration {unknown}
 A - 3 potions of flight
 C - 2 potions of ambrosia {unknown}
Comestibles
 c - 11 rations


   Skills:
 + Level 0.8 Fighting
 + Level 1.0 Maces & Flails
 + Level 1.4 Throwing
 + Level 1.3 Armour
 * Level 4.4 Dodging
 * Level 5.6 Stealth
 * Level 9.0 Spellcasting
 + Level 0.9 Charms
 * Level 9.2 Necromancy


You had 10 spell levels left.
You knew the following spells:

 Your Spells              Type           Power        Failure   Level  Hunger
a - Pain                  Necr           ####         1%          1    None
b - Animate Skeleton      Necr           N/A          1%          1    None
c - Regeneration          Chrm/Necr      ####......   3%          3    None
d - Vampiric Draining     Necr           ######....   1%          3    None
e - Animate Dead          Necr           N/A          2%          4    ##.....
f - Confusing Touch       Hex            #.....       11%         1    None
g - Sublimation of Blood  Necr           ######....   1%          2    None

Your spell library contained the following spells:

 Spells                   Type           Power        Failure   Level  Hunger
 Apportation              Tloc           #.....       11%         1    None
 Summon Small Mammal      Summ           #...         11%         1    None


Dungeon Overview and Level Annotations

Branches:
Dungeon (7/15)             Temple (1/1) D:5           Sewer (visited)
Ossuary (visited)

Altars:
Ashenzari
Cheibriados
Dithmenos
Fedhas
Kikubaaqudgha
Makhleb
Qazlal
Ru
Sif Muna
Vehumet
Zin

Annotations:
D:6 2 transporters, dannycarnage's ghost, novice MiBe


Message History

The silver boomerang barely misses the gargoyle.
The gargoyle hurls a stone arrow at you.
The stone arrow hits you!
Throwing (i - inventory. (/) - cycle)
i - 6 silver boomerangs (quivered)
Press: ? - help, Shift-Dir - straight line, f/p - gargoyle
Aim: a gargoyle, wielding a +0 mace (heavily damaged)
You throw a silver boomerang.
The silver boomerang barely misses the gargoyle.
The gargoyle hurls a stone arrow at you.
The stone arrow hits you!!
Ouch! That really hurt!
* * * LOW HITPOINT WARNING * * *
Casting: Regeneration (safe; 3% risk of failure)
Confirm with . or Enter, or press ? or * to list all spells.
Your skin crawls.
The gargoyle hurls a stone arrow at you.
The stone arrow hits you!!
Ouch! That really hurt!
You die...
Kikubaaqudgha rasps: "You have failed me!
Welcome... death!"

....#.###.#..#*******#........##.
..........#..# #.........).
.....#****#..##########......####
##...# #.ZZ.Z...............#.
#...# #.##################.#.
##...# #.# *******.#. .....#
#.############,,,,,*,#.
#....######.............,***,*,#.
#...............@.......,***,*,#.
#.....######............,*<,,*,#.
...........#............,*****,#.
......####.#............,,,,,,,..
......# #....9.........,,,,,*,##
.Z....# #.#............****,*,,,
Z.....# ###..Z.........*,**,****
9###### #............*,,,,* * .#
##.#.#######**,**** *


You could see a gargoyle and a friendly big kobold zombie.

Vanquished Creatures
  2 phantoms (D:5)
  2 ogres
  2 big kobolds
  3 bullfrogs
  4 scorpions
  A howler monkey (D:5)
  A centaur skeleton (D:6)
  2 hounds
  A bullfrog skeleton (D:7)
  Terence (D:2)
  3 orc wizards
  Natasha (D:2)
  2 worker ants
  A hound skeleton (D:6)
  4 mummies
  A howler monkey zombie (D:6)
  Robin (D:4)
  3 adders
  4 river rats
  2 oozes
  2 worms
  3 dart slugs
  3 leopard geckos
  23 orcs
  A giant cockroach (D:1)
  8 goblins
  10 hobgoblins
  7 jackals
  11 kobolds
  A quokka (D:4)
  6 bats
  5 frilled lizards
  A giant cockroach zombie (D:3)
  10 rats
132 creatures vanquished.

Vanquished Creatures (collateral kills)
  A gargoyle (D:7)
  A centaur zombie (D:6)
  Natasha (D:2)
  3 orcs
  A ball python (D:3)
  A jackal (D:3)
  3 kobolds
  A leopard gecko skeleton (D:4)
12 creatures vanquished.

Vanquished Creatures (others)
  An orc wizard (D:3)
  A withered plant (Ossuary)
2 creatures vanquished.

Grand Total: 146 creatures vanquished

Notes
Turn   | Place    | Note
-------+----------+-------------------------------------------
     0 | D:1      | Xanbar the Deep Elf Necromancer began the quest for the
                  | Orb.
     0 | D:1      | Reached XP level 1. HP: 10/10 MP: 6/6
    13 | D:1      | Learned a level 1 spell: Animate Skeleton
   106 | D:1      | Reached skill level 5 in Necromancy
   271 | D:1      | Reached XP level 2. HP: 10/15 MP: 4/8
   407 | D:1      | Found a snail-covered altar of Cheibriados.
  1236 | D:2      | Reached XP level 3. HP: 19/19 MP: 7/9
  1241 | D:2      | Learned a level 3 spell: Regeneration
  1324 | D:2      | Noticed Terence
  1364 | D:2      | Killed Terence
  1653 | D:2      | Learned a level 3 spell: Vampiric Draining
  1779 | D:2      | Reached XP level 4. HP: 16/24 MP: 6/11
  2089 | D:2      | Noticed Natasha
  2093 | D:2      | Killed Natasha
  2242 | D:2      | Noticed Natasha
  2247 | D:2      | Killed Natasha
  2564 | D:3      | Reached XP level 5. HP: 18/28 MP: 7/13
  2712 | D:3      | Learned a level 4 spell: Animate Dead
  3866 | D:3      | Found a burning altar of Makhleb.
  4856 | D:4      | Noticed a phantom
  5154 | D:4      | Found a radiant altar of Vehumet.
  5154 | D:4      | Found a blossoming altar of Fedhas.
  5230 | D:4      | Noticed Robin
  5231 | D:4      | Reached skill level 5 in Spellcasting
  5235 | D:4      | Killed Robin
  5235 | D:4      | Reached XP level 6. HP: 27/32 MP: 9/15
  5851 | D:5      | Entered Level 5 of the Dungeon
  6083 | D:5      | Found a staircase to the Ecumenical Temple.
  6101 | Temple   | Entered the Ecumenical Temple
  6183 | Temple   | Became a worshipper of Kikubaaqudgha
  6360 | D:5      | Reached XP level 7. HP: 36/36 MP: 12/18
  6507 | D:5      | Reached skill level 1 in Armour
  6575 | D:5      | Reached skill level 1 in Throwing
  7060 | D:6      | Found a sand-covered staircase.
  7066 | Ossuary  | Entered an ossuary
  7299 | D:6      | Reached skill level 5 in Stealth
  7362 | D:6      | Found a glowing drain.
  7370 | Sewer    | Entered a sewer
  7561 | Sewer    | Reached XP level 8. HP: 29/42 MP: 3/20
  7654 | Sewer    | Found a glowing silver altar of Zin.
  7874 | D:6      | Found a transporter.
  7881 | D:6      | Noticed dannycarnage's ghost (novice MiBe)
  7891 | D:6      | Found a transporter.
  7902 | D:6      | Noticed a hornet
  7905 | D:6      | Noticed a queen bee
  7959 | D:6      | Learned a level 1 spell: Confusing Touch
  8404 | D:6      | Reached * piety under Kikubaaqudgha
  8404 | D:6      | Identified Kikubaaqudgha's Almanac of Sinister Arts
                  | (Kikubaaqudgha gifted it to you on level 6 of the Dungeon)
  8404 | D:6      | Received a gift from Kikubaaqudgha
  8412 | D:6      | Learned a level 2 spell: Sublimation of Blood
  8577 | D:7      | Reached skill level 1 in Maces & Flails
  8837 | D:7      | Noticed a gargoyle
  8838 | D:7      | Noticed a gargoyle
  8843 | D:7      | Noticed a gargoyle
  8844 | D:7      | Noticed a gargoyle
  9202 | D:7      | Killed a gargoyle
  9440 | D:7      | Killed from afar by a gargoyle

Levels and vault maps discovered:
D:1:      saegor_arrival_simple_d, layout_basic, cheibriados_altar_1
D:2:      layout_loops_cross, first_ration, st_stairs_6, serial_bayou_ford_a,
          chequers_jeans, uniq_terence, uniq_natasha
D:3:      layout_rooms, lemuel_tele_altar
D:4:      cheibrodos_old_hovel, layout_basic, gammafunk_temple_overflow_wave,
          uniq_robin
D:5:      minmay_inner_zag, layout_loops_ring,
          minmay_temple_entry_statues_pillars
D:6:      layout_loops_corners, lightli_sewer_entry_pipes,
          nicolae_ossuary_entry_plus, gammafunk_ghost_hive
D:7:      cheibrodos_statue_roulette, layout_basic, the_bakery
Temple:   dpeg_five_rooms_temple

Skill      XL: |  1  2  3  4  5  6  7  8 |
---------------+-------------------------+-----
Necromancy     | 5 6 7 8 9 |  9.2
Stealth        | 3 5 |  5.6
Spellcasting   | 4 5 6 7 9 |  9.0
Dodging        | 3 4 |  4.4
Armour         | 1 |  1.3
Throwing       | 1 |  1.4
Maces & Flails | 1 |  1.0
Fighting       | |  0.8
Charms         | |  0.9

Action                   |  1- 3 |  4- 6 |  7- 9 || total
-------------------------+-------+-------+-------++-------
Melee: Dagger            |     1 |       |       ||     1
       Mace              |       |    31 |    93 ||   124
Throw: Dart              |       |    11 |       ||    11
       Boomerang         |       |    19 |    41 ||    60
 Cast: Pain              |    51 |   101 |   102 ||   254
       Animate Skeleton  |     8 |    10 |     3 ||    21
       Regeneration      |     2 |     5 |    13 ||    20
       Vampiric Draining |       |    10 |    11 ||    21
       Animate Dead      |       |     7 |    16 ||    23
       Sublimation of Bl |       |       |     3 ||     3
Invok: Receive Corpses   |       |       |     4 ||     4
Evoke: Wand              |       |       |     2 ||     2
  Use: Scroll            |     2 |     5 |     6 ||    13
       Potion            |       |     2 |     3 ||     5
  Eat: Chunk             |     3 |     8 |     6 ||    17
       Ration            |       |     2 |     3 ||     5
Armor: Leather armour    |     5 |    19 |    35 ||    59
       Skin              |       |     3 |       ||     3
Dodge: Dodged            |     4 |    42 |   109 ||   155
